Map: 匹昂台地

Players

Jieshi

  • Race: Protoss Protoss
  • League: Master

ZooWhaleTail - Winner!

  • Race: Zerg Zerg
  • League: Master

Event: GPL 2015 - Grand Finals

VOD

Have the link to the VOD?

Description

Time

  • Played on: Jan. 17, 2016, 8:18 a.m.
  • Length: 12:17

All games in this series

Show
View Real Time Build Order
Export as new Build Order

Jieshi Protoss 

Build Orders: Nexus First, Dark Templar Rush 

Get SALT Encoding   

  12  0:00  Probe (Chrono Boost)  
  13  0:11  Probe (Chrono Boost)  
  14  0:19  Pylon  
  14  0:21  Probe (Chrono Boost)  
  15  0:37  Probe (Chrono Boost)  
  16  0:48  Probe (Chrono Boost)  
  17  1:00  Nexus  
  17  1:10  Gateway  
  17  1:12  Probe (Chrono Boost)  
  18  1:20  Pylon  
  18  1:23  Probe (Chrono Boost)  
  19  1:30  Assimilator  
  19  1:34  Probe (Chrono Boost)  
  19  1:37  Assimilator  
  20  1:44  Probe (Chrono Boost)  
  20  1:46  Pylon  
  21  1:55  Probe (Chrono Boost)  
  22  2:03  Cybernetics Core  
  22  2:05  Probe (Chrono Boost)  
  23  2:13  Probe (Chrono Boost)  
  24  2:16  Probe (Chrono Boost)  
  25  2:23  Probe (Chrono Boost)  
  25  2:27  Probe (Chrono Boost)  
  27  2:34  Probe (Chrono Boost)  
  28  2:37  Probe (Chrono Boost)  
  28  2:39  Warp Gate, Adept  
  31  2:44  Probe (Chrono Boost)  
  31  2:48  Mothership Core (Chrono Boost)  
  31  2:50  Robotics Facility  
  34  2:55  Probe (Chrono Boost)  
  35  3:01  Pylon  
  36  3:05  Probe (Chrono Boost)  
  36  3:06  Probe (Chrono Boost)  
  36  3:08  Adept  
  39  3:16  Probe (Chrono Boost)  
  39  3:17  Probe (Chrono Boost)  
  41  3:20  Twilight Council  
  41  3:26  Probe (Chrono Boost)  
  42  3:27  Probe (Chrono Boost)  
  42  3:30  Pylon  
  43  3:36  Gateway  
  43  3:37  Probe (Chrono Boost)  
  43  3:38  Probe (Chrono Boost)  
  45  3:44  Warp Prism (Chrono Boost)  
  45  3:47  Probe  
  48  3:52  Gateway, Probe  
  49  3:58  Dark Shrine  
  49  3:59  Probe  
  50  4:04  Probe  
  51  4:10  Assimilator, Probe  
  51  4:14  Assimilator  
  51  4:16  Observer (Chrono Boost), Probe  
  54  4:20  Probe  
  55  4:28  Pylon, Probe  
  55  4:30  Nexus  
  56  4:32  Probe  
  56  4:34  Pylon  
  57  4:43  Probe  
  58  4:48  Immortal (Chrono Boost)  
  58  4:50  Pylon  
  62  4:55  Adept x2  
  62  4:57  Adept  
  68  5:00  Probe  
  68  5:01  Probe  
  70  5:10  Probe  
  70  5:13  Probe  
  70  5:16  Dark Templar, Pylon  
  70  5:17  Dark Templar  
  70  5:18  Dark Templar  
  72  5:26  Immortal (Chrono Boost)  
  74  5:53  Probe  
  74  5:54  Probe  
  74  5:55  Probe, Gateway  
  74  5:56  Gateway  
  77  5:59  Gateway  
  77  6:03  Forge  
  75  6:04  Dark Templar x3  
  75  6:07  Immortal (Chrono Boost)  
  75  6:08  Probe  
  82  6:15  Probe x2  
  84  6:20  Assimilator, Probe  
  84  6:24  Assimilator  
  84  6:25  Probe  
  83  6:37  Stalker x2  
  83  6:38  Probe  
  88  6:48  Adept, Probe  
  91  6:56  Photon Cannon  
  91  6:57  Photon Cannon  
  91  6:58  Protoss Ground Weapons Level 1  
  89  7:01  Photon Cannon  
  89  7:07  Adept  
  89  7:08  Adept x3  
  95  7:09  Dark Templar, Probe  
  95  7:10  Dark Templar  
  95  7:19  Probe  
  95  7:20  Probe  
  95  7:21  Probe  
  87  7:28  Adept x3  
  91  7:30  Probe x2  
  91  7:31  Stalker  
  91  7:33  Probe  
  93  7:40  Stargate, Probe  
  93  7:41  Probe  
  89  7:45  Probe  
  89  7:46  Sentry x2  
  89  7:51  Probe x2  
  92  7:57  Probe  
  95  8:01  Dark Templar, Adept  
  95  8:03  Stalker, Probe x2  
  103  8:09  Probe  
  104  8:14  Probe  
  104  8:18  Probe  
  104  8:20  Charge (Chrono Boost)  
  104  8:21  Pylon, Probe  
  104  8:22  Phoenix (Chrono Boost)  
  104  8:23  Pylon  
  104  8:27  Stargate  
  107  8:32  Pylon  
  107  8:35  Pylon  
  107  8:36  Pylon  
  107  8:39  Pylon  
  107  8:42  Photon Cannon  
  107  8:43  Phoenix  
  107  8:44  Pylon  
  107  8:47  Observer  
  110  8:55  Sentry, Zealot x3  
  114  8:56  Zealot  
  114  8:58  Zealot  
  114  8:59  Protoss Ground Weapons Level 2 (Chrono Boost)  
  122  9:05  Phoenix  
  124  9:10  Immortal  
  128  9:19  Adept x3  
  128  9:20  Stalker  
  136  9:25  Zealot x2  
  136  9:28  Probe  
  136  9:30  Probe  
  122  9:40  Probe  
  122  9:42  Phoenix, Probe  
  126  9:55  Templar Archives  
  126  9:57  Phoenix  
  126  9:59  Probe  
  128  10:13  Probe  
  128  10:14  Probe x2  
  123  10:17  Nexus  
  123  10:20  Zealot  
  123  10:21  Zealot  
  127  10:25  Probe  
  127  10:26  Psionic Storm  
  128  10:31  Adept x3  
  128  10:33  Zealot  
  135  10:42  Probe  
  133  10:47  High Templar x2  
  137  10:56  Zealot x4  
  145  11:00  Photon Cannon  
  145  11:02  Probe  
  145  11:03  Probe  
  127  11:05  Probe  
  127  11:08  Archon  
  125  11:14  Probe  
  98  11:23  Zealot x2  
  79  11:25  Zealot  
  79  11:26  Probe  
  74  11:33  Probe x2  
  74  11:39  Zealot, Probe  
  67  11:41  Zealot  
  67  11:46  Probe  
  70  11:47  Probe  
  70  11:51  Probe  
  70  11:57  High Templar x2  
  70  11:58  Probe  
  70  12:00  High Templar  
  65  12:02  High Templar, Archon  
  65  12:03  Probe  
  65  12:06  Archon  
Show
View Real Time Build Order
Export as new Build Order

ZooWhaleTail Zerg - Winner!

Build Orders: 3 Hatch before Pool 

Get SALT Encoding   

  12  0:01  Drone  
  13  0:13  Overlord  
  13  0:18  Drone  
  14  0:31  Drone x2  
  16  0:36  Drone  
  17  0:53  Hatchery  
  17  0:57  Drone  
  17  1:00  Drone  
  18  1:23  Hatchery  
  18  1:24  Drone  
  18  1:26  Drone  
  18  1:31  Drone  
  18  1:32  Extractor  
  19  1:46  Spawning Pool, Drone  
  19  1:51  Drone  
  20  2:01  Drone  
  20  2:05  Drone  
  22  2:15  Drone  
  22  2:16  Drone  
  24  2:35  Queen, Metabolic Boost  
  24  2:36  Queen  
  28  2:40  Drone x3  
  28  2:41  Drone  
  32  2:45  Drone  
  32  2:46  Drone  
  32  2:51  Overlord  
  34  2:53  Overlord  
  34  3:09  Queen  
  34  3:10  Zergling x4  
  34  3:11  Zergling x2  
  40  3:12  Drone  
  40  3:13  Drone  
  40  3:15  Drone  
  42  3:20  Overlord x2  
  42  3:24  Drone  
  43  3:31  Drone x3  
  46  3:41  Drone x2  
  46  3:43  Queen  
  46  3:45  Drone x2  
  46  3:47  Queen x2  
  56  3:49  Overlord x2  
  56  3:50  Drone x2  
  56  3:52  Drone  
  59  3:59  Evolution Chamber  
  59  4:01  Drone x5  
  63  4:06  Extractor  
  62  4:12  Hatchery  
  61  4:20  Drone x3  
  61  4:21  Drone x7  
  71  4:28  Zerg Melee Weapons Level 1  
  71  4:37  Baneling Nest, Overlord  
  70  4:39  Hatchery  
  70  4:42  Zergling x10  
  74  4:51  Lair  
  74  4:53  Zergling x12  
  74  4:54  Extractor  
  74  4:55  Overlord  
  74  4:59  Zergling x6  
  82  5:01  Zergling x4  
  82  5:02  Zergling x2  
  85  5:12  Zergling x6  
  82  5:22  Extractor  
  82  5:24  Zergling x16  
  82  5:27  Spore Crawler  
  82  5:28  Spore Crawler  
  87  5:29  Spore Crawler  
  87  5:30  Spore Crawler  
  87  5:34  Spore Crawler, Zergling x2  
  87  5:35  Zergling x6  
  87  5:48  Overlord  
  86  5:54  Overlord  
  86  5:58  Hydralisk Den  
  86  6:02  Drone  
  83  6:05  Baneling x4  
  83  6:09  Zergling x2  
  83  6:10  Zergling x16  
  92  6:13  Overlord  
  92  6:16  Spore Crawler  
  92  6:17  Spine Crawler  
  90  6:19  Hatchery  
  90  6:22  Zergling x2  
  90  6:23  Zergling x2  
  89  6:36  Zergling x16  
  97  6:42  Muscular Augments  
  97  6:44  Hatchery  
  96  6:50  Overlord  
  96  6:51  Hydralisk x2  
  96  6:52  Hydralisk x2  
  103  7:03  Pneumatized Carapace  
  103  7:05  Zergling x2  
  103  7:06  Zergling x4  
  105  7:12  Baneling x2  
  105  7:13  Baneling x5  
  105  7:14  Baneling  
  98  7:18  Zergling x2  
  98  7:19  Zergling x10  
  98  7:21  Extractor  
  94  7:31  Zergling x6  
  95  7:41  Baneling x6  
  95  7:42  Zergling x10  
  95  7:44  Zergling x4  
  95  7:46  Zergling x2  
  95  7:50  Zergling x4  
  95  7:55  Extractor, Drone x3  
  95  7:56  Drone x3  
  100  8:06  Overseer  
  100  8:07  Drone x3  
  100  8:08  Drone  
  100  8:11  Extractor, Drone x3  
  105  8:34  Drone x2, Zerg Melee Weapons Level 2  
  105  8:35  Drone  
  105  8:36  Centrifical Hooks  
  105  8:38  Drone x3  
  105  8:39  Drone x2  
  113  8:41  Extractor  
  113  8:42  Zergling x2  
  113  8:43  Zergling x20  
  123  8:49  Overseer  
  123  8:56  Baneling x8  
  123  8:58  Zergling x14  
  123  9:00  Zergling x2  
  123  9:02  Overlord  
  130  9:03  Drone x2, Queen  
  130  9:09  Overlord x4  
  130  9:10  Overlord  
  118  9:32  Hydralisk x5  
  118  9:33  Hydralisk x6  
  137  9:41  Baneling x7  
  137  9:42  Zergling x6  
  140  9:50  Zergling x2  
  141  9:54  Hydralisk  
  141  9:55  Hydralisk x3  
  141  9:58  Overseer  
  147  10:17  Zergling x30  
  161  10:30  Overseer x2  
  161  10:32  Overlord x2  
  161  10:33  Overlord, Lurker Den  
  160  10:39  Baneling x3  
  156  10:43  Baneling x4  
  156  10:44  Baneling x12  
  156  10:50  Zergling x10  
  151  11:05  Baneling x13  
  151  11:06  Zergling x6  
  151  11:07  Zergling x2  
  151  11:09  Zergling x2  
  146  11:21  Zergling x18  
  125  11:36  Hydralisk  
  125  11:37  Zergling x20  
  125  11:41  Hydralisk  
  125  11:42  Zergling x4  
  125  11:44  Zergling x2  
  125  11:46  Zergling x2  
  130  11:56  Zergling x2  
  130  11:57  Zergling x14  
  132  12:10  Lurker x3  
Tags
 
Add a new tag
Caveats
  • Supply blocks, unpowered buildings, or Contaminate may cause inaccurate times.
  • Supply counts are checked every 10 seconds.